 Dungeon Crawl Stone Soup version 0.22-a0-479-gc6e99f3 (webtiles) character file.

32 Azzur the Magician (level 3, -4/28 HPs)
             Began as a Gnoll Wanderer on June 13, 2018.
             Slain by a worm (11 damage)
             ... on level 2 of the Dungeon on June 14, 2018.
             The game lasted 00:13:14 (713 turns).

Azzur the Magician (Gnoll Wanderer)                  Turns: 713, Time: 00:13:15

Health: -4/28      AC:  3    Str: 15    XL:     3   Next: 25%
Magic:  7/11       EV: 11    Int: 14    God:
Gold:   23         SH:  0    Dex: 14    Spells: 13/16 levels left

rFire    . . .     SeeInvis .   e - +0 club
rCold    . . .     Gourm    .   (no shield)
rNeg     . . .     Faith    .   d - +0 robe
rPois    .         Spirit   .   b - +0 helmet
rElec    .         Reflect  .   (no cloak)
rCorr    .         Harm     .   (no gloves)
MR       .....                  (no boots)
Stlth    ++........             k - amulet of magic regeneration
HPRegen  0.09/turn              (no ring)
MPRegen  0.37/turn              (no ring)

@: very slightly contaminated
A: distributed training, fangs 1, strong nose
a: no special abilities


You were on level 2 of the Dungeon.
You were not hungry.

You visited 1 branch of the dungeon, and saw 2 of its levels.

You collected 23 gold pieces.

Inventory:

Hand Weapons
 e - a +0 club (weapon)
Armour
 b - a +0 helmet (worn)
 d - a +0 robe (worn)
Jewellery
 k - an amulet of magic regeneration (around neck)
Scrolls
 g - 5 scrolls of identify
 h - a scroll of fog {unknown}
 i - 2 scrolls of remove curse {unknown}
 m - a scroll of blinking {unknown}
Potions
 a - 2 potions of brilliance {unknown}
 c - a potion of lignification
 j - a potion of might
Comestibles
 f - a ration


   Skills:
 + Level 2.5 Fighting
 + Level 0.6 Short Blades
 + Level 0.6 Long Blades
 + Level 0.6 Axes
 + Level 0.6 Maces & Flails
 + Level 0.6 Polearms
 + Level 0.6 Staves
 + Level 0.6 Slings
 + Level 0.6 Bows
 + Level 4.5 Crossbows
 + Level 0.6 Throwing
 + Level 4.5 Armour
 + Level 0.6 Dodging
 + Level 0.6 Stealth
 + Level 0.6 Shields
 + Level 0.6 Unarmed Combat
 + Level 7.1 Spellcasting
 + Level 0.4 Conjurations
 + Level 0.4 Hexes
 + Level 0.4 Charms
 + Level 0.4 Summonings
 + Level 0.4 Necromancy
 + Level 0.4 Translocations
 + Level 0.4 Transmutations
 + Level 0.4 Fire Magic
 + Level 0.4 Ice Magic
 + Level 0.4 Air Magic
 + Level 0.4 Earth Magic
 + Level 0.4 Poison Magic
 + Level 0.8 Invocations
 + Level 4.5 Evocations


You had 13 spell levels left.
You knew the following spells:

 Your Spells              Type           Power        Failure   Level  Hunger
a - Magic Dart            Conj           #...         12%         1    None
b - Blink                 Tloc           N/A          17%         2    None

Your spell library contained the following spells:

 Spells                   Type           Power        Failure   Level  Hunger
 Conjure Flame            Conj/Fire      #.......     34%         3    ##.....
 Slow                     Hex            #.......     17%         2    None
 Mephitic Cloud           Conj/Pois/Air  #.......     34%         3    ##.....
 Summon Small Mammal      Summ           #...         12%         1    None
 Call Imp                 Summ           #.......     17%         2    None
 Recall                   Summ/Tloc      N/A          34%         3    ##.....


Dungeon Overview and Level Annotations

Branches:
Dungeon (2/15)

Altars:


Innate Abilities, Weirdness & Mutations

Your experience applies equally to all skills.
You have very sharp teeth.
Your uncanny sense of smell can sniff out nearby items.


Message History

Aim: a worm (moderately wounded)
The magic dart hits the worm.
The worm is moderately wounded.
The worm barely misses you.
Casting: Magic Dart (safe; 12% risk of failure)
Confirm with . or Enter, or press ? or * to list all spells.
Aiming: Magic Dart (safe; 12% risk of failure)
Press: ? - help, Shift-Dir - straight line, f/p - worm
Aim: a worm (moderately wounded)
The magic dart hits the worm.
The worm is heavily wounded.
Casting: Magic Dart (safe; 12% risk of failure)
Confirm with . or Enter, or press ? or * to list all spells.
Aiming: Magic Dart (safe; 12% risk of failure)
Press: ? - help, Shift-Dir - straight line, f/p - worm
Aim: a worm (heavily wounded)
The magic dart hits the worm.
The worm is heavily wounded.
The worm bites you!
You die...

####################
................@wb#
†....†...........#b#
################.#.#
#.#b. #.#... #.#....
#.#..... ..##.....
..#


You could see a worm and 2 bats.

Vanquished Creatures
  A worm (D:2)
  2 dart slugs
  4 giant cockroaches (D:1)
  4 goblins (D:1)
  3 hobgoblins
  A ball python (D:1)
  4 bats
  2 frilled lizards (D:1)
  4 kobolds (D:1)
25 creatures vanquished.

Notes
Turn   | Place    | Note
-------+----------+-------------------------------------------
     0 | D:1      | Azzur the Gnoll Wanderer began the quest for the Orb.
     0 | D:1      | Azzur set off with: a potion of lignification, a +0 robe, a +0 club, a ration
     0 | D:1      | Reached XP level 1. HP: 17/17 MP: 8/8
     2 | D:1      | Learned a level 1 spell: Magic Dart
   134 | D:1      | Reached XP level 2. HP: 22/23 MP: 3/10
   569 | D:1      | Reached XP level 3. HP: 28/28 MP: 8/11
   580 | D:1      | Learned a level 2 spell: Blink
   616 | D:2      | Upgraded the game from 0.22-a0-469-gf26638a to 0.22-a0-479-gc6e99f3
   713 | D:2      | Slain by a worm

Vault maps used:
D:1:      dpeg_arrival_tiny_c, corexii_leaking_fountain, st_stairs_12,
          bh_walls_and_bars
D:2:      kb_forest_paths, marbit_many_paths, chequers_ecumenical_altar_twisty,
          st_stairs_1, uniq_terence, uniq_crazy_yiuf_cottage

Action                   || total
-------------------------++-------
Melee: Club              ||    65
       Bite              ||     8
 Cast: Magic Dart        ||    60
  Use: Scroll            ||     1
 Stab: Sleeping          ||     1
Armor: Robe              ||    15
Dodge: Dodged            ||    45

Table legend:
 A = Spawn XP
 B = Non-spawn XP
 C = Spawn XP percentage of total XP
 D = Spawn monster count
 E = Non-spawn monster count
 F = Spawn count percentage of total count
 G = Total turns spent on level
                    A         B        C        D         E        F      G
               +---------+---------+-------+---------+---------+-------+---------
         Total |       0 |      46 |   0.0 |       0 |      25 |   0.0 |   713
               +---------+---------+-------+---------+---------+-------+---------
           D:1 |       0 |      34 |   0.0 |       0 |      21 |   0.0 |   615
           D:2 |       0 |      12 |   0.0 |       0 |       4 |   0.0 |    98
               +---------+---------+-------+---------+---------+-------+---------
